Map: [ESL] Oceanborn

Players

Serral - Winner!

  • Race: Zerg Zerg
  • Spawn Location: 11:00

Reynor

  • Race: Zerg Zerg
  • Spawn Location: 5:00

Event: ESL SC2 Masters 2023 Winter (Regional)

VOD

Have the link to the VOD?

Description

Time

  • Played on: Nov. 18, 2023, 10:31 a.m.
  • Length: 9:49

All games in this series

Show
View Real Time Build Order
Export as new Build Order

Serral Zerg - Winner!

Build Orders: Hatch First 

Get SALT Encoding   

  12  0:00  Drone  
  13  0:12  Overlord  
  13  0:16  Drone  
  14  0:30  Drone x2  
  16  0:48  Hatchery  
  15  0:51  Drone  
  15  0:54  Drone  
  17  0:57  Drone  
  18  1:08  Extractor  
  17  1:13  Spawning Pool  
  17  1:16  Drone  
  17  1:19  Drone  
  18  1:27  Drone  
  19  1:38  Drone  
  20  1:48  Drone  
  21  1:59  Queen x2  
  21  2:00  Zergling x2, Overlord  
  26  2:08  Metabolic Boost  
  26  2:10  Drone x2  
  28  2:21  Zergling x2  
  28  2:22  Drone  
  30  2:32  Hatchery  
  30  2:35  Drone  
  30  2:37  Drone  
  30  2:42  Drone  
  32  2:46  Baneling Nest  
  32  2:49  Overlord  
  31  2:55  Drone  
  31  2:56  Drone  
  33  3:05  Drone x2  
  34  3:07  Zergling x2  
  34  3:08  Zergling x4  
  34  3:09  Zergling x2  
  34  3:12  Overlord  
  39  3:17  Drone  
  40  3:21  Queen  
  40  3:23  Drone  
  43  3:29  Zergling x2  
  43  3:32  Baneling x2  
  44  3:37  Roach Warren  
  44  3:38  Drone x2  
  45  3:41  Drone x2  
  45  3:47  Overlord  
  47  3:49  Zergling x2  
  48  3:55  Drone  
  48  3:56  Extractor  
  48  4:00  Zergling x6  
  48  4:02  Overlord  
  51  4:07  Overlord  
  51  4:09  Zergling x2  
  53  4:10  Zergling x4  
  53  4:17  Roach x3  
  53  4:21  Roach  
  53  4:22  Roach  
  63  4:30  Evolution Chamber  
  62  4:33  Roach x3  
  67  4:44  Roach x4  
  67  4:45  Baneling  
  76  4:49  Overlord  
  73  4:53  Roach x2  
  73  4:58  Zergling x2, Roach  
  73  5:02  Zergling x2, Roach  
  73  5:04  Zergling x2  
  73  5:07  Roach  
  73  5:10  Roach  
  63  5:17  Zergling x8  
  61  5:23  Zergling x6  
  61  5:27  Drone x2  
  61  5:28  Drone  
  64  5:32  Baneling x2  
  64  5:35  Spore Crawler  
  63  5:38  Zergling x6  
  67  5:48  Drone x3  
  70  5:51  Queen  
  70  5:53  Extractor  
  70  5:56  Overlord  
  71  6:01  Drone x2  
  74  6:06  Lair  
  74  6:10  Evolution Chamber  
  71  6:13  Drone x3  
  71  6:16  Drone x2  
  75  6:19  Drone  
  76  6:28  Overlord  
  76  6:29  Drone x2  
  76  6:32  Queen  
  78  6:35  Extractor  
  78  6:37  Drone x2  
  78  6:38  Zerg Missile Weapons Level 1  
  80  6:40  Extractor  
  80  6:42  Baneling x3  
  80  6:44  Drone x2  
  81  6:52  Drone  
  81  6:53  Drone x3  
  81  6:55  Drone x3  
  78  7:03  Overlord  
  78  7:05  Drone x5  
  78  7:07  Glial Reconstitution  
  78  7:10  Roach  
  78  7:14  Roach x2  
  84  7:22  Roach  
  86  7:24  Extractor, Roach  
  86  7:25  Roach  
  87  7:31  Roach x4  
  87  7:33  Roach x2  
  87  7:34  Roach  
  101  7:39  Overlord  
  101  7:41  Roach  
  101  7:42  Roach  
  105  7:50  Roach x2  
  109  7:52  Overseer  
  109  7:55  Extractor  
  109  7:57  Overlord x4  
  108  8:04  Roach x4  
  116  8:09  Roach x2  
  120  8:15  Roach x3  
  120  8:18  Ravager x4  
  131  8:21  Roach x3  
  131  8:25  Overlord  
  137  8:27  Roach x2  
  137  8:30  Ravager  
  142  8:35  Roach x3  
  142  8:37  Roach  
  142  8:40  Overlord x2  
  150  8:43  Roach  
  150  8:44  Roach  
  154  8:49  Roach x2  
  158  8:56  Hydralisk Den  
  158  9:01  Roach x5  
  160  9:03  Roach  
  160  9:09  Roach x3  
Show
View Real Time Build Order
Export as new Build Order

Reynor Zerg 

Build Orders: Hatch First 

Get SALT Encoding   

  12  0:00  Drone  
  13  0:12  Overlord  
  13  0:16  Drone  
  14  0:30  Drone x2  
  16  0:46  Hatchery  
  15  0:50  Drone  
  15  0:53  Drone  
  15  0:56  Drone  
  18  1:07  Extractor  
  17  1:12  Spawning Pool  
  17  1:15  Drone  
  17  1:20  Drone  
  18  1:28  Drone  
  19  1:38  Drone  
  20  1:49  Drone  
  21  1:59  Queen x2, Overlord  
  25  2:01  Zergling x2  
  26  2:08  Drone  
  26  2:11  Drone  
  26  2:14  Metabolic Boost  
  28  2:21  Drone x2  
  30  2:35  Hatchery  
  30  2:36  Drone  
  30  2:37  Drone  
  30  2:42  Drone  
  32  2:44  Overlord  
  32  2:55  Drone  
  32  2:57  Zergling x2  
  34  3:07  Roach Warren  
  34  3:08  Zergling x8  
  34  3:09  Zergling x4  
  34  3:12  Overlord  
  39  3:21  Drone  
  39  3:23  Drone, Overlord  
  41  3:28  Baneling Nest  
  40  3:48  Roach x6  
  52  3:54  Roach  
  54  3:59  Overlord  
  54  4:05  Zergling x4  
  54  4:06  Zergling x2  
  56  4:12  Zergling x8  
  60  4:18  Zergling x8  
  60  4:23  Baneling  
  60  4:24  Baneling x2  
  64  4:29  Zergling x4  
  63  4:41  Baneling  
  63  4:42  Baneling  
  63  4:46  Zergling x10  
  65  4:55  Zergling x4  
  63  5:05  Zergling x8  
  61  5:09  Zergling x2  
  61  5:12  Queen  
  59  5:14  Zergling x8  
  55  5:21  Drone  
  55  5:26  Drone x2  
  55  5:27  Lair  
  51  5:30  Drone  
  52  5:36  Extractor  
  52  5:37  Drone  
  52  5:38  Drone  
  52  5:40  Drone x4  
  55  5:44  Extractor, Drone x3  
  56  5:57  Roach x3  
  56  6:02  Drone x2  
  56  6:03  Drone  
  63  6:05  Extractor  
  63  6:10  Drone x2  
  63  6:14  Overlord  
  63  6:16  Drone x4  
  64  6:22  Roach x2  
  66  6:30  Roach x3  
  66  6:32  Baneling  
  70  6:35  Drone  
  70  6:38  Zergling x8  
  75  6:40  Baneling  
  75  6:42  Roach x3  
  81  6:47  Overlord x2  
  81  6:49  Overlord  
  79  6:55  Roach  
  79  6:56  Roach  
  79  6:58  Roach x2  
  72  7:02  Roach  
  67  7:09  Drone x2, Spire  
  67  7:10  Drone  
  67  7:11  Drone  
  70  7:15  Drone  
  70  7:16  Drone x2  
  70  7:19  Drone x2  
  75  7:25  Glial Reconstitution  
  75  7:26  Drone x2  
  75  7:29  Drone x2  
  79  7:31  Drone  
  80  7:39  Drone x4  
  80  7:41  Evolution Chamber  
  80  7:42  Extractor  
  80  7:43  Overseer, Extractor  
  81  7:46  Queen  
  81  7:47  Drone  
  81  7:48  Drone  
  81  7:49  Drone  
  86  7:52  Overlord  
  86  7:54  Overlord  
  86  7:58  Drone  
  87  8:00  Pneumatized Carapace, Drone  
  87  8:05  Overlord  
  88  8:13  Drone  
  89  8:20  Mutalisk x5  
  89  8:22  Mutalisk  
  101  8:30  Mutalisk, Hatchery  
  101  8:33  Roach  
  104  8:34  Roach  
  104  8:36  Roach  
  104  8:37  Roach  
  104  8:39  Roach x2  
  104  8:40  Roach  
  116  8:41  Roach  
  116  8:46  Overlord x2  
  118  8:50  Roach x2  
  122  9:00  Roach x3  
  114  9:04  Roach  
  114  9:05  Roach x3  
Tags
 
Add a new tag
Caveats
  • Supply blocks, unpowered buildings, or Contaminate may cause inaccurate times.
  • Supply counts are checked every 10 seconds.